Map: World of Sleepers LE

Players

ViBE - Winner!

  • Race: Zerg Zerg
  • League: Diamond
  • Spawn Location: 1:00

KYLEEZY

  • Race: Terran Terran
  • League: Diamond
  • Spawn Location: 7:00

VOD

Have the link to the VOD?

Description

Time

  • Played on: Dec. 15, 2019, 9:54 p.m.
  • Length: 10:25
Show
View Real Time Build Order
Export as new Build Order

ViBE Zerg - Winner!

Build Orders: Hatch First 

Get SALT Encoding   

  12  0:01  Drone  
  13  0:13  Overlord  
  13  0:17  Drone  
  14  0:31  Drone x2  
  16  0:38  Drone  
  17  0:52  Hatchery  
  17  0:56  Drone  
  17  0:59  Drone  
  18  1:16  Drone, Extractor  
  18  1:17  Spawning Pool  
  17  1:21  Drone  
  18  1:28  Drone  
  19  1:48  Overlord  
  19  1:56  Drone  
  20  2:02  Drone  
  20  2:05  Queen  
  23  2:08  Queen  
  23  2:10  Zergling x2  
  23  2:11  Zergling x2  
  27  2:16  Drone  
  27  2:21  Metabolic Boost  
  28  2:26  Drone x2  
  30  2:42  Drone x2  
  31  2:54  Drone x2  
  33  3:02  Overlord, Queen, Drone  
  36  3:06  Hatchery  
  36  3:09  Drone  
  36  3:20  Overlord  
  36  3:26  Drone x4  
  36  3:27  Drone x4  
  44  3:41  Overlord, Queen  
  43  3:44  Overlord  
  45  3:50  Drone  
  45  3:51  Drone  
  47  4:00  Drone x6  
  47  4:01  Drone  
  54  4:10  Zergling x4  
  54  4:16  Zergling x2  
  57  4:18  Overlord  
  57  4:20  Queen  
  57  4:22  Zergling x2  
  60  4:29  Zergling x8  
  60  4:30  Drone  
  65  4:33  Overlord  
  65  4:34  Overlord x2  
  65  4:41  Drone x2, Extractor  
  65  4:43  Extractor  
  65  4:56  Drone x3  
  65  4:57  Drone x3  
  71  5:00  Lair  
  71  5:04  Drone, Baneling Nest  
  71  5:05  Drone  
  71  5:06  Hatchery  
  71  5:09  Drone x2  
  71  5:10  Drone x2  
  71  5:13  Drone  
  76  5:19  Zergling x2  
  76  5:20  Zergling x8  
  81  5:24  Zergling x8  
  81  5:26  Zergling x2  
  86  5:32  Drone  
  86  5:33  Drone x2  
  89  5:37  Extractor  
  89  5:39  Extractor  
  89  5:41  Overlord x3, Extractor  
  89  5:42  Overlord  
  86  5:53  Hatchery  
  85  6:00  Drone x8  
  93  6:13  Drone x8  
  101  6:23  Drone x2  
  101  6:24  Drone  
  104  6:25  Centrifical Hooks  
  104  6:28  Evolution Chamber  
  104  6:29  Evolution Chamber  
  104  6:31  Hydralisk Den  
  101  6:42  Overseer  
  101  7:03  Zerg Ground Armor Level 1  
  101  7:04  Zerg Melee Weapons Level 1, Hydralisk  
  101  7:05  Grooved Spines, Hydralisk x11  
  101  7:06  Overlord  
  101  7:07  Overlord x3  
  101  7:08  Zergling x4  
  127  7:14  Baneling x2  
  127  7:15  Baneling x5  
  127  7:16  Baneling  
  127  7:29  Zergling x22  
  138  7:31  Baneling x10  
  138  7:43  Overlord x3  
  138  7:46  Drone x5  
  143  7:54  Drone x4  
  143  7:55  Drone x3  
  143  7:56  Drone x3  
  153  8:00  Hydralisk Den  
  152  8:07  Infestation Pit  
  151  8:15  Extractor  
  150  8:23  Hatchery  
  150  8:27  Drone  
  149  8:35  Zergling x34  
  149  8:41  Spire  
  165  8:46  Hive  
  165  8:53  Overlord  
  165  8:54  Zergling x12  
  165  8:55  Zergling x14  
  178  8:56  Baneling x5  
  178  8:57  Baneling x12  
  178  9:01  Muscular Augments  
  178  9:12  Hatchery  
  151  10:03  Zergling x10  
  151  10:04  Zergling x56  
  151  10:05  Zergling x2  
Show
View Real Time Build Order
Export as new Build Order

KYLEEZY Terran 

Build Orders: Reaper Expand 

Get SALT Encoding   

  12  0:05  SCV  
  13  0:18  SCV  
  14  0:28  Supply Depot  
  14  0:30  SCV  
  15  0:49  SCV  
  16  0:51  Barracks  
  16  0:56  Refinery  
  16  1:05  SCV  
  17  1:23  SCV  
  18  1:35  SCV  
  19  1:40  Reaper  
  20  1:47  Orbital Command  
  20  1:56  Command Center  
  20  2:05  Refinery  
  20  2:14  SCV  
  21  2:21  Supply Depot  
  21  2:25  Factory  
  21  2:26  SCV  
  22  2:38  SCV, Barracks Reactor  
  23  3:02  SCV  
  23  3:14  SCV, Marine x2  
  23  3:18  Hellion  
  28  3:22  Starport  
  28  3:26  SCV  
  29  3:36  Marine  
  29  3:37  Orbital Command  
  29  3:38  SCV  
  31  3:50  SCV  
  32  4:02  Barracks Tech Lab  
  32  4:07  Orbital Command  
  32  4:16  SCV  
  33  4:17  Hellion x2  
  33  4:21  Viking  
  39  4:28  SCV  
  40  4:40  SCV  
  41  4:46  Hellion x2  
  41  4:50  Stimpack, Marine  
  46  5:00  Supply Depot  
  46  5:01  Supply Depot  
  46  5:02  Supply Depot  
  46  5:08  Supply Depot  
  46  5:19  Starport Reactor  
  46  5:21  Marine  
  46  5:22  SCV x2  
  46  5:26  Barracks x2, Factory Tech Lab  
  46  5:27  Command Center  
  49  5:34  SCV x2  
  51  5:46  SCV x2  
  53  5:58  SCV  
  53  6:03  Marine  
  44  6:05  Siege Tank  
  44  6:08  SCV  
  44  6:10  SCV  
  49  6:12  Refinery  
  49  6:13  Refinery  
  49  6:19  Barracks Reactor  
  49  6:20  SCV  
  49  6:21  Medivac x2, Marine  
  49  6:22  SCV  
  57  6:32  SCV  
  57  6:34  SCV  
  57  6:36  Engineering Bay  
  57  6:37  Siege Tank, Engineering Bay  
  57  6:38  Marine  
  57  6:39  Combat Shield, Marine x2  
  64  6:40  Orbital Command  
  64  6:45  SCV  
  65  6:48  Supply Depot  
  65  6:56  Marine x2  
  65  6:57  Marine  
  68  7:03  Marine x2  
  68  7:04  SCV  
  68  7:05  SCV  
  68  7:07  SCV  
  68  7:08  Terran Infantry Weapons Level 1, Terran Infantry Armor Level 1  
  73  7:14  Marine x3  
  76  7:16  SCV  
  76  7:17  SCV  
  76  7:19  SCV  
  76  7:21  Marine x2  
  81  7:28  SCV  
  81  7:29  SCV  
  83  7:31  Siege Tank, SCV, Barracks  
  83  7:32  Barracks, Medivac, Marine x3  
  83  7:33  Medivac  
  94  7:38  Marine  
  94  7:39  Marine  
  94  7:41  SCV x2  
  99  7:50  Marine x2  
  100  7:53  SCV  
  101  8:02  Marine  
  101  8:03  Marine x2  
  100  8:08  Marine  
  101  8:16  Supply Depot  
  101  8:18  Supply Depot  
  101  8:19  Supply Depot  
  101  8:20  Supply Depot  
  101  8:25  Orbital Command  
  101  8:27  Marine  
  101  8:29  Marine x2  
  101  8:30  Marine  
  101  8:38  Marine x3  
  104  8:45  Marine  
  104  8:46  Marine  
  104  8:47  Marine  
  104  8:48  Marine  
  108  8:51  Siege Tank  
  111  8:55  Marine x2  
  111  8:58  Armory, Medivac x2  
  111  9:00  Barracks Reactor  
  117  9:04  Barracks Reactor, Marine  
  117  9:05  Marine  
  117  9:06  Marine  
  120  9:13  Marine x2  
  122  9:22  Marine  
  122  9:23  Siege Tank, Marine x2  
  128  9:29  Barracks  
  128  9:31  Barracks x2, Marine x2  
  130  9:38  Supply Depot  
  130  9:39  Supply Depot, SCV x3  
  130  9:40  Marine  
  130  9:41  Supply Depot, Marine x2  
  136  9:49  Marine x2  
  136  9:51  SCV x3  
  141  9:59  Marine x3  
  137  10:03  SCV x2, Marine x3  
  137  10:04  SCV, Marine  
Tags
 
Add a new tag
Caveats
  • Supply blocks, unpowered buildings, or Contaminate may cause inaccurate times.
  • Supply counts are checked every 10 seconds.